 Dungeon Crawl Stone Soup version 0.29.1-1-gd02db6906a (webtiles) character file.

Game seed: 13436282226313077007

631 Theotherone the Trooper (level 7, -1/62 HPs)
             Began as a Minotaur Fighter on Oct 9, 2022.
             Slain by an orc
             ... wielding a +0 flail
              (4 damage)
             ... on level 4 of the Dungeon.
             The game lasted 00:11:10 (2103 turns).

Theotherone the Trooper (Minotaur Fighter)          Turns: 2103, Time: 00:11:10

Health: -1/62      AC: 10    Str: 22    XL:     7   Next: 24%
Magic:  6/6        EV:  9    Int:  5    God:
Gold:   129        SH:  5    Dex: 10    Spells: 6/6 levels left

rFire   . . .      SeeInvis .   a - +0 war axe
rCold   + . .      Faith    .   c - +0 buckler
rNeg    . . .      Spirit   .   p - +0 scale mail {rC+}
rPois   .          Reflect  .   (helmet restricted)
rElec   .          Harm     .   d - +2 cloak
rCorr   .          Rampage  .   (no gloves)
Will    .....                   (no boots)
Stlth   ..........              (no amulet)
HPRegen 0.20/turn               (no ring)
MPRegen 0.10/turn               (no ring)

@: no status effects
A: horns 2, retaliatory headbutt
a: no special abilities


You were on level 4 of the Dungeon.
You visited 1 branch of the dungeon, and saw 4 of its levels.

You collected 129 gold pieces.

Inventory:

Hand Weapons
 a - a +0 war axe (weapon)
 o - a +0 whip of electrocution
 q - a +1 whip of freezing
Armour
 b - a +0 scale mail
 c - a +0 buckler (worn)
 d - a +2 cloak (worn)
 p - a +0 scale mail of cold resistance (worn)
Jewellery
 f - a ring of protection from cold
 i - a ring of protection from cold
 j - a ring of flight
 n - an amulet of regeneration
Wands
 l - a wand of roots (4)
Scrolls
 e - a scroll of magic mapping {unknown}
 h - a scroll of noise {unknown}
 k - a scroll of identify {unknown}
 m - a scroll of poison {unknown}
Potions
 g - a potion of flight {unknown}


   Skills:
 - Level 5.9 Fighting
 - Level 3.4(4.2) Axes
 + Level 3.5(4.3) Maces & Flails
 - Level 5.9 Armour
 - Level 5.9 Shields


You had 6 spell levels left.
You didn't know any spells.
Your spell library was empty.

Dungeon Overview and Level Annotations

Branches:
Dungeon (4/15)
 Temple: D:4-7

Altars:


Innate Abilities, Weirdness & Mutations

You have a pair of horns on your head.
You reflexively headbutt those who attack you in melee.


Message History

You hit the lemure. The lemure hits you but does no damage.
You block Pikel's attack.
You slash Pikel! You headbutt Pikel.
Pikel is severely wounded.
You barely miss the lemure. The lemure hits you but does no damage.
Pikel hits you with a +1 whip of freezing.
* * * LOW HITPOINT WARNING * * *
Pikel freezes you.
* * * LOW HITPOINT WARNING * * *
You slash Pikel!
You kill Pikel!
You hit the lemure.
With Pikel's spell broken, his former minions thank you for their freedom.
The lemure departs this earthly plane. x4
Your Fighting skill increases to level 5!
Your base Maces & Flails skill gained 2 levels and is now at level 3!
Your Armour skill increases to level 5!
Your Shields skill increases to level 5!
You have reached level 6!
You have reached level 7!
An orc comes into view. It is wielding a +0 flail.
The orc shouts!
You hear a shout!
The orc moves out of view.
You hear a shout!
g - a red potion
Things that are here:
a +1 whip of freezing; a +1 robe of fire resistance; the kobold corpse of Pikel
q - a +1 whip of freezing 2 orcs come into view.
The orc shouts! x2
An orc comes into view. It is wielding a +0 short sword.
The orc shouts!
You block the orc's attack.
The orc moves out of view.
The orc hits you but does no damage.
You slash the orc!
You kill the orc!
You barely miss the orc.
The orc throws a boomerang.
The boomerang hits you but does no damage.
The orc hits you with a +0 flail.
You die...

#### #.. #.#
#.########.#
..........<#
.....o.@...#
......o)##[#
#.[....###.#
......o #†#
.........§......#
##.........#.##.#
.....##.####.#
........ # #.#


You could see 3 orcs.

Vanquished Creatures
  Pikel (D:4)
  The ghost of fireball365 the Digger, a weakling DgEE (D:3)
  A hound (D:4)
  Jessica (D:3)
  A gnoll (D:3)
  An adder (D:3)
  3 dart slugs (D:1)
  12 orcs
  3 endoplasms
  4 giant cockroaches
  3 goblins
  3 hobgoblins
  2 quokkas (D:3)
  5 ball pythons
  2 bats
  6 frilled lizards
  7 kobolds (D:3)
  3 rats (D:3)
59 creatures vanquished.

Notes
Turn   | Place    | Note
-------+----------+-------------------------------------------
     0 | D:1      | Theotherone the Minotaur Fighter began the quest for the
                  | Orb.
     0 | D:1      | Reached XP level 1. HP: 19/19 MP: 0/0
   182 | D:1      | Reached XP level 2. HP: 27/27 MP: 1/1
   182 | D:1      | Found a faded altar of an unknown god.
   702 | D:3      | Reached XP level 3. HP: 27/33 MP: 2/2
   991 | D:3      | Noticed Jessica
  1007 | D:3      | Killed Jessica
  1008 | D:3      | Reached XP level 4. HP: 22/41 MP: 3/3
  1373 | D:3      | Found a runed translucent gate.
  1373 | D:3      | Found a runed translucent gate.
  1373 | D:3      | Found a runed translucent gate.
  1373 | D:3      | Noticed fireball365's ghost (weakling DgEE)
  1373 | D:3      | Identified the +6 sling "Gengysiq" {freeze, rF- Str+3 Int+2
                  | Stlth+}
  1976 | D:3      | Killed fireball365's ghost
  1977 | D:3      | Reached skill level 1 in Maces & Flails
  1977 | D:3      | Reached XP level 5. HP: 43/47 MP: 4/4
  2078 | D:4      | Noticed Pikel
  2078 | D:4      | Noticed a lemure
  2078 | D:4      | Noticed a lemure
  2078 | D:4      | Noticed a lemure
  2079 | D:4      | Noticed a lemure
  2095 | D:4      | HP: 2/47 [Pikel/+1 whip of freezing (5)]
  2096 | D:4      | Killed Pikel
  2097 | D:4      | Reached skill level 5 in Fighting
  2097 | D:4      | Reached skill level 5 in Armour
  2097 | D:4      | Reached skill level 5 in Shields
  2097 | D:4      | Reached XP level 6. HP: 1/57 MP: 5/5
  2097 | D:4      | Reached XP level 7. HP: 1/62 MP: 6/6
  2103 | D:4      | Slain by an orc

Illustrated notes

Levels and vault maps discovered:
D:1:      dpeg_arrival_simpleton_c, layout_basic,
          chequers_ecumenical_altar_island
D:2:      layout_loops_corners, minmay_worlds_worst_comb
D:3:      minmay_diamond_boxcup, layout_basic, biasface_ghost_orc_armoury,
          kennysheep_generic_room_3, uniq_crazy_yiuf_cottage, uniq_jessica
D:4:      layout_basic, serial_shops, nicolae_shop_behind_doors,
          nicolae_shop_advertising_works [nicolae_subvault_shop_adworks],
          hellmonk_ghost_happy_afterlife, uniq_eustachio, uniq_menkaure,
          uniq_pikel

Skill      XL: |  1  2  3  4  5 |
---------------+----------------+-----
Fighting       | 4 5 |  5.9
Shields        | 4 5 |  5.9
Armour         | 4 5 |  5.9
Axes           | 3 |  3.4
Maces & Flails | 1 3 |  3.5

Action                   |  1- 3 |  4- 6 |  7- 9 || total
-------------------------+-------+-------+-------++-------
Melee: War axe           |    64 |    39 |     1 ||   104
       Headbutt          |     6 |     4 |       ||    10
  Use: Potion            |     1 |     2 |       ||     3
Armor: Scale mail        |    31 |    22 |     2 ||    55
Dodge: Dodged            |    41 |    18 |       ||    59
Block: Buckler           |    13 |    12 |     1 ||    26
